 Dungeon Crawl Stone Soup version 0.28.0-53-g5a82cb258f (webtiles) character file.

Game seed: 11777594971199896483

120 RedNights the Grave Robber (level 4, -4/24 HPs)
             Began as a Deep Elf Necromancer on July 7, 2022.
             Was an Initiate of Vehumet.
             Slain by a scorpion (9 damage)
             ... on level 5 of the Dungeon.
             The game lasted 00:08:36 (3934 turns).

RedNights the Grave Robber (Deep Elf Necromancer)   Turns: 3934, Time: 00:08:38

Health: -4/24      AC:  2    Str:  7    XL:     4   Next: 75%
Magic:  6/13       EV: 12    Int: 20    God:    Vehumet [......]
Gold:   130        SH:  0    Dex: 15    Spells: 8/13 levels left

rFire   . . .      SeeInvis .   d - +0 dagger (speed)
rCold   . . .      Faith    .   (no shield)
rNeg    . . .      Spirit   .   a - +0 robe
rPois   .          Reflect  .   (no helmet)
rElec   .          Harm     .   (no cloak)
rCorr   .          Rampage  .   (no gloves)
Will    .....                   (no boots)
Stlth   ++........              (no amulet)
HPRegen 0.08/turn               (no ring)
MPRegen 0.13/turn               (no ring)

@: no status effects
A: no striking features
a: Renounce Religion


You were on level 5 of the Dungeon.
You worshipped Vehumet.
Vehumet was noncommittal.
You visited 1 branch of the dungeon, and saw 4 of its levels.

You collected 130 gold pieces.

Inventory:

Hand Weapons
 b - a +0 short sword
 d - a +0 dagger of speed (weapon)
 g - a +2 short sword of draining
Armour
 a - a +0 robe (worn)
 h - a +0 leather armour
Jewellery
 c - a ring of see invisible
Wands
 i - a wand of flame (13)
Scrolls
 e - 5 scrolls of identify
 f - a scroll of noise
Potions
 j - a potion of curing {unknown}
 k - a potion of degeneration {unknown}


   Skills:
 - Level 2.4 Dodging
 - Level 2.4 Stealth
 * Level 5.2 Spellcasting
 * Level 6.2 Necromancy


You had 8 spell levels left.
You knew the following spells:

 Your Spells              Type           Power      Damage    Failure   Level
a - Pain                  Necr           100%       1d9       1%          1
b - Animate Skeleton      Necr           60%        N/A       1%          1
c - Vampiric Draining     Necr           30%        2d8       2%          3

Your spell library contained the following spells:

 Spells                   Type           Power      Damage    Failure   Level
 Animate Dead             Necr           15%        N/A       9%          4
 Agony                    Necr           30%        N/A       24%         5


Dungeon Overview and Level Annotations

Branches:
Dungeon (3/15)

Altars:
Vehumet

Annotations:
D:3 Terence


Message History

A hound comes into view.
The hound barks!
As you read the scroll labelled RIPOLU EH IMOE, it crumbles to dust.
It is a scroll of identify.
f - a scroll of noise The white imp gestures at you.
The puff of frost hits you!
Unknown command.
As you read the scroll labelled GAWNIG RINI, it crumbles to dust.
You feel strangely unstable.
It was a scroll of teleportation.
The white imp closely misses you.
Casting: Pain (safe; 1% risk of failure)
Confirm with . or Enter, or press ? or * to list all spells.
Aiming: Pain (safe; 1% risk of failure)
Press: ? - help, Shift-Dir - straight line, f - hound
Aim: a hound (chance to affect: 88%)
The hound writhes in agony.
The white imp shouts, "Escape, thou bumbling sow-suckled nert!"
The white imp hits you. The white imp freezes you.
Casting: Pain (safe; 1% risk of failure)
Confirm with . or Enter, or press ? or * to list all spells.
Aiming: Vampiric Draining (dangerous; 2% risk of failure)
Press: ? - help, Shift-Dir - straight line, f/p - hound
Aim: a hound (lightly wounded)
You draw life force from the hound!
You feel life coursing into your body. The hound bites you.
The white imp gestures at you. The puff of frost hits you!
* * * LOW HITPOINT WARNING * * *
The hound closely misses you.
Casting: Vampiric Draining (dangerous; 2% risk of failure)
Confirm with . or Enter, or press ? or * to list all spells.
Aiming: Vampiric Draining (dangerous; 2% risk of failure)
Press: ? - help, Shift-Dir - straight line, f/p - hound
Aim: a hound (severely wounded)
You draw life force from the hound.
You feel life coursing into your body.
Your surroundings suddenly seem different.
A scorpion comes into view.
Found a club.
The scorpion barely misses you. The scorpion stings you!
You die...

# #. # #.######
...#......#
.........)#.#
.......@....#
.##...s.......#
#.#######..## #
##


You could see a scorpion.

Vanquished Creatures
  3 gnolls
  3 adders
  A worm (D:3)
  3 endoplasms
  A giant cockroach (D:2)
  3 goblins
  8 hobgoblins
  6 jackals
  A quokka (D:2)
  2 ball pythons (D:1)
  8 bats
  2 frilled lizards
  9 kobolds
  7 rats
57 creatures vanquished.

Vanquished Creatures (collateral kills)
  A bat (D:1)
  An endoplasm (D:1)
  A frilled lizard (D:1)
  2 rats (D:1)
5 creatures vanquished.

Grand Total: 62 creatures vanquished

Notes
Turn   | Place    | Note
-------+----------+-------------------------------------------
     0 | D:1      | RedNights the Deep Elf Necromancer began the quest for the
                  | Orb.
     0 | D:1      | Reached XP level 1. HP: 10/10 MP: 6/6
   475 | D:1      | Reached skill level 5 in Necromancy
   842 | D:1      | Reached XP level 2. HP: 12/15 MP: 4/8
   844 | D:1      | Learned a level 1 spell: Animate Skeleton
  1097 | D:1      | Found a faded altar of an unknown god.
  1623 | D:1      | Reached XP level 3. HP: 18/19 MP: 8/10
  1627 | D:1      | Learned a level 3 spell: Vampiric Draining
  2488 | D:2      | Reached XP level 4. HP: 23/24 MP: 8/12
  2952 | D:3      | Found a radiant altar of Vehumet.
  2961 | D:3      | Became a worshipper of Vehumet
  3042 | D:3      | Reached skill level 6 in Necromancy
  3142 | D:3      | Noticed Terence
  3155 | D:3      | Reached skill level 5 in Spellcasting
  3919 | D:3      | You fall into a shaft and drop 2 floors!
  3919 | D:5      | Entered Level 5 of the Dungeon
  3922 | D:5      | Noticed an ice beast
  3922 | D:5      | Noticed a sky beast
  3934 | D:5      | Noticed a scorpion
  3934 | D:5      | Slain by a scorpion

Illustrated notes

Levels and vault maps discovered:
D:1:      tarquinn_simple_flora_water_b, layout_loops_ring,
          ebering_ecumenical_altar_sacrificial
D:2:      layout_loops_ring
D:3:      layout_loops_cross, vehumet_crystals, grunt_temple_overflow_open,
          gammafunk_ghost_smash, serial_shops, nicolae_lakefront_shop,
          uniq_robin, uniq_terence
D:5:      kennysheep_six_static_rooms, layout_basic

Skill      XL: |  1  2  3  4 |
---------------+-------------+-----
Necromancy     | 5 6 |  6.2
Spellcasting   | 4 5 |  5.2
Dodging        | |  2.4
Stealth        | |  2.4

Action                   |  1- 3 |  4- 6 || total
-------------------------+-------+-------++-------
Melee: Short sword       |     2 |       ||     2
       Dagger            |    21 |    10 ||    31
 Cast: Pain              |    55 |    26 ||    81
       Animate Skeleton  |    14 |     2 ||    16
       Vampiric Draining |     3 |    14 ||    17
  Use: Scroll            |       |     2 ||     2
       Potion            |       |     1 ||     1
 Stab: Sleeping          |     5 |     1 ||     6
Armor: Robe              |     6 |     4 ||    10
Dodge: Dodged            |    30 |    17 ||    47
